 Dungeon Crawl Stone Soup version 0.32-a0-43-g058985b245 (webtiles) character file.

Game seed: 905145307935824452

4587 grandjackal the Fighter (level 10, 0/86 HPs)
             Began as a Demonspawn Gladiator on Feb 4, 2024.
             Was a Believer of Wu Jian.
             Killed by divine providence
             ... invoked by an orc priest
              (14 damage)
             ... on level 9 of the Dungeon.
             The game lasted 00:09:38 (7372 turns).

grandjackal the Fighter (Demonspawn Gladiator)      Turns: 7372, Time: 00:09:39

Health: 0/86       AC: 11    Str: 17    XL:     10   Next: 18%
Magic:  10/10      EV: 11    Int:  8    God:    Wu Jian [**....]
Gold:   134        SH:  5    Dex: 17    Spells: 9/9 levels left

rFire   . . .        L - +0 broad axe
rCold   . . .        p - +0 buckler
rNeg    + . .        q - +0 ring mail
rPois   .            u - +1 hat
rElec   .            (no cloak)
rCorr   .            F - +0 pair of gloves
SInv    .            B - +0 pair of boots
Will    +....        C - amulet of regeneration
Stlth   +            l - ring of willpower
HPRegen 1.14/turn    v - ring of positive energy
MPRegen 0.12/turn

%: no passive effects
@: no status effects
A: antennae 2, icy blue scales 2, foul stench 1, spiny 1
a: Renounce Religion, Wall Jump


You were on level 9 of the Dungeon.
You worshipped Wu Jian.
Wu Jian was pleased with you.
You visited 1 branch of the dungeon, and saw 9 of its levels.

You collected 394 gold pieces.
You spent 260 gold pieces at shops.

Inventory:

Hand Weapons
 b - a +0 spectral short sword
 x - a +0 dagger of venom
 L - a +0 broad axe (weapon)
 R - a +2 trident of protection
Missiles
 d - 3 throwing nets
 e - a javelin
 s - 2 boomerangs (quivered)
 D - 32 poisoned darts
Armour
 p - a +0 buckler (worn)
 q - a +0 ring mail (worn)
 u - a +1 hat (worn)
 B - a +0 pair of boots (worn)
 F - a +0 pair of gloves (worn)
 S - a +0 kite shield
Jewellery
 l - a ring of willpower (left hand)
 v - a ring of positive energy (right hand)
 C - an amulet of regeneration (around neck)
Wands
 K - a wand of paralysis (6)
 M - a wand of roots (5)
 Q - a wand of flame (44)
Scrolls
 a - a scroll of noise {unknown}
 c - a scroll of torment {unknown}
 j - 3 scrolls of revelation {unknown}
 m - 6 scrolls of identify {unknown}
 o - a scroll of vulnerability {unknown}
 r - a scroll of immolation {unknown}
 y - 2 scrolls of fog {unknown}
 z - a scroll of acquirement {unknown}
 A - a scroll of enchant armour {unknown}
 E - 2 scrolls of enchant weapon {unknown}
 O - a scroll of teleportation {unknown}
Potions
 f - 5 potions of mutation
 g - 5 potions of attraction {unknown}
 h - 2 potions of degeneration {unknown}
 i - 3 potions of heal wounds {unknown}
 k - 2 potions of enlightenment {unknown}
 n - a potion of resistance {unknown}
 t - a potion of ambrosia {unknown}
 w - a potion of lignification {unknown}
 G - a potion of invisibility {unknown}
 H - a potion of berserk rage
 I - a potion of brilliance
 J - 2 potions of curing
 N - 2 potions of haste {unknown}
 P - a potion of might {unknown}


   Skills:
 + Level 10.4 Fighting
 - Level 4.1 Long Blades
 + Level 7.7 Axes
 - Level 2.0 Throwing
 - Level 3.2 Dodging
 + Level 4.7 Shields


You had 9 spell levels left.
You didn't know any spells.
Your spell library contained the following spells:

 Spells                   Type           Power      Damage    Failure   Level
 Magic Dart               Conj           0%         1d3       71%         1
 Ensorcelled Hibernation  Hex/Ice        0%         N/A       83%         2
 Searing Ray              Conj           0%         2d4       83%         2
 Fugue of the Fallen      Necr           0%         N/A       97%         3
 Anguish                  Hex/Necr       0%         N/A       100%        4
 Fulminant Prism          Conj/Alch      0%         3d5       100%        4


Dungeon Overview and Level Annotations

Branches:
Dungeon (9/15)             Temple (0/1) D:6
   Lair: D:8-11         Orc: D:9-12

Altars:
Dithmenos
Fedhas
Kikubaaqudgha
Okawaru
Vehumet
Wu Jian
Xom
Yredelemnul

Shops:
D:6 !   D:7 (

Annotations:
D:3 3 runed translucent doors, Atlas's ghost, amateur DsEE


Innate Abilities, Weirdness & Mutations

You have a pair of antennae on your head.
You are mostly covered in icy blue scales. (AC +3)
You may rarely emit foul miasma when damaged in melee.
You are partially covered in sharp spines.


Message History

Unknown command.
You are too injured to fight recklessly!
Unknown command.
You are too injured to fight recklessly!
Unknown command.
You are too injured to fight recklessly!
You barely miss the killer bee.
The killer bee is lightly wounded.
You barely miss the orc warrior. The killer bee barely misses you.
A spriggan comes into view.
The killer bee is struck by your spines.
The killer bee closely misses you.
The orc warrior is struck by your spines.
The orc warrior hits you with a +0 flail!
The spriggan shouts!
You slash the killer bee!
You kill the killer bee!
The Council accepts your kill.
You barely miss the orc warrior.
You hear a bellow! x2
The killer bee stings you.
You are poisoned.
The killer bee poisons you!
The orc priest invokes the aid of Beogh against you.
Beogh smites you!
* * * LOW HITPOINT WARNING * * *
You block the orc warrior's attack. The killer bee barely misses you.
You feel better. The killer bee stings you!
* * * LOW HITPOINT WARNING * * *
The orc priest calls upon Beogh to heal the orc warrior.
The orc warrior is healed somewhat.
You block the orc warrior's attack.
The killer bee stings you but does no damage.
Unknown command.
You barely miss the killer bee. You hit the orc warrior.
You block the killer bee's attack.
The orc warrior hits you with a +0 flail!
* * * LOW HITPOINT WARNING * * *
The orc priest invokes the aid of Beogh against you.
Beogh smites you!
You die...

#........ ####.....
#..#..... ###
###..#.....
#.###....#.....
#....%...#.....
#..............
####.#####.........≈≈§≈≈
.....oo@...#####.#.....§
.....iy###.# #.#.≈.≈≈≈
....... #.# #...≈...§
....... ..# ###.≈.§§.
....... ### #§§§.§§
....... § ≈§≈ ....... ..
....... ≈


You could see an orc warrior, a spriggan, a killer bee and an orc priest.

Vanquished Creatures
  A two-headed ogre (D:8)
  A hornet (D:8)
  6 yaks
  A wraith (D:8)
  A wyvern (D:9)
  3 water moccasins
  An ice beast (D:8)
  An orc warrior (D:7)
  3 ogres
  A centaur (D:7)
  3 phantoms
  2 kobold brigands
  Blork the orc (D:6)
  4 bullfrogs
  A gnoll sergeant (D:8)
  6 killer bees
  3 electric eels (D:6)
  A gnoll bouda (D:7)
  3 jellies
  3 orc priests
  A sleepcap (D:6)
  4 hounds
  2 iguanas
  4 orc wizards
  9 gnolls
  An adder (D:5)
  A shadow imp (D:7)
  4 ufetubi
  2 dart slugs
  2 ribbon worms (D:2)
  15 orcs
  7 endoplasms
  2 giant cockroaches (D:2)
  8 goblins
  7 hobgoblins
  9 jackals
  17 kobolds
  3 quokkas
  4 ball pythons
  7 bats
  A frilled lizard (D:1)
  8 rats
164 creatures vanquished.

Notes
Turn   | Place    | Note
-------+----------+-------------------------------------------
     0 | D:1      | grandjackal the Demonspawn Gladiator began the quest for
                  | the Orb.
     0 | D:1      | Reached XP level 1. HP: 16/16 MP: 1/1
   143 | D:1      | Gained mutation: You may rarely emit foul miasma when
                  | damaged in melee. [demonic ancestry]
   143 | D:1      | Reached XP level 2. HP: 13/22 MP: 2/2
   995 | D:2      | Reached XP level 3. HP: 24/28 MP: 3/3
  1355 | D:2      | Reached skill level 3 in Fighting
  1494 | D:3      | Found a runed translucent gate.
  1494 | D:3      | Found a runed translucent gate.
  1494 | D:3      | Found a runed translucent gate.
  1498 | D:3      | Noticed Atlas's ghost (amateur DsEE)
  1742 | D:3      | Found an iron altar of Okawaru.
  1842 | D:3      | Found a basalt altar of Yredelemnul.
  1845 | D:3      | Gained mutation: You have a pair of small antennae on your
                  | head. [demonic ancestry]
  1845 | D:3      | Reached XP level 4. HP: 31/35 MP: 4/4
  2072 | D:3      | Found an ornate altar of the Wu Jian Council.
  2096 | D:3      | Found a faded altar of an unknown god.
  2326 | D:4      | Noticed an ogre
  2489 | D:4      | Reached skill level 1 in Shields
  2968 | D:4      | Gained mutation: You are partially covered in sharp spines.
                  | [demonic ancestry]
  2968 | D:4      | Reached XP level 5. HP: 28/41 MP: 5/5
  3015 | D:4      | Killed an ogre
  3390 | D:4      | Found a radiant altar of Vehumet.
  3499 | D:3      | Became a worshipper of the Wu Jian Council
  3547 | D:5      | Entered Level 5 of the Dungeon
  3557 | D:5      | Reached skill level 4 in Fighting
  3613 | D:5      | Found a shimmering altar of Xom.
  3651 | D:5      | Gained mutation: You are partially covered in icy blue
                  | scales. (AC +2) [demonic ancestry]
  3651 | D:5      | Reached XP level 6. HP: 44/48 MP: 6/6
  4242 | D:5      | Noticed a water moccasin
  4251 | D:5      | Killed a water moccasin
  4252 | D:5      | Reached skill level 5 in Fighting
  4252 | D:5      | Gained mutation: You are mostly covered in icy blue scales.
                  | (AC +3) [demonic ancestry]
  4252 | D:5      | Reached XP level 7. HP: 31/56 MP: 7/7
  4715 | D:6      | Found Inyi's Distillery.
  4722 | D:6      | Bought a potion of berserk rage for 65 gold pieces
  4722 | D:6      | Bought a potion of brilliance for 52 gold pieces
  4722 | D:6      | Bought a potion of curing for 39 gold pieces
  4770 | D:6      | Found a staircase to the Ecumenical Temple.
  4779 | D:6      | Found a transporter.
  4820 | D:6      | Noticed Blork the orc
  4828 | D:6      | Killed Blork the orc
  4873 | D:6      | Reached skill level 6 in Fighting
  4901 | D:6      | Found a transporter.
  4925 | D:6      | Reached skill level 1 in Axes
  4969 | D:6      | Reached * piety under Wu Jian
  5103 | D:6      | Reached XP level 8. HP: 59/65 MP: 8/8
  5254 | D:6      | Bought a potion of mutation for 104 gold pieces
  5333 | D:7      | Reached skill level 7 in Fighting
  5518 | D:7      | Found an ancient bone altar of Kikubaaqudgha.
  5786 | D:7      | Found Foaruoc's Weapon Boutique.
  6007 | D:7      | Reached skill level 8 in Fighting
  6230 | D:6      | Reached skill level 5 in Axes
  6410 | D:8      | Noticed a hornet
  6422 | D:8      | Killed a hornet
  6423 | D:8      | Gained mutation: You have a pair of antennae on your head.
                  | [demonic ancestry]
  6423 | D:8      | Reached XP level 9. HP: 75/75 MP: 9/9
  6452 | D:8      | Noticed a skeletal warrior
  6460 | D:7      | Reached ** piety under Wu Jian
  6461 | D:7      | Reached skill level 9 in Fighting
  6510 | D:8      | Found a blossoming altar of Fedhas.
  6549 | D:8      | Noticed a two-headed ogre
  6558 | D:8      | Killed a two-headed ogre
  6559 | D:8      | Reached skill level 10 in Fighting
  6881 | D:8      | Reached XP level 10. HP: 85/85 MP: 10/10
  7215 | D:9      | Found a shadowy altar of Dithmenos.
  7275 | D:8      | Found the +5 scythe "Finisher" {speed, execute}
  7372 | D:9      | Killed from afar by an orc priest

Illustrated notes

Levels and vault maps discovered:
D:1:      wheals_arrival_linesprint, layout_loops_ring
D:2:      layout_rooms
D:3:      layout_loops_ring, nzn_wu_jian_council_hall,
          yredelemnul_altar_generic, nicolae_tso_carved_into_rock,
          hellmonk_okawaru_the_only_friend_you_need,
          shapermc_ecumenical_altar_notcrosses, gammafunk_ghost_necromancy,
          minivault_19
D:4:      layout_loops_corners, nicolae_vehumet_altar_sigil
D:5:      layout_loops_corners, mainiacjoe_overflow_24_doors, amethyst_killhole,
          minmay_misc_feat_doors
D:6:      gammafunk_steamed_eel, layout_gridville, minmay_temple_entry_grid,
          serial_shops, shop_statue, uniq_blork_the_orc
D:7:      layout_cave_pods, lemuel_round_altar, zin_treasury, serial_shops,
          nicolae_shop_tiny_statue_garden
D:8:      layout_layer_cave, fedhas_altar_2, gammafunk_temple_overflow_elements,
          nicolae_zen_rock_garden, minmay_guarded_unrand_finisher, uniq_grum,
          uniq_amaemon
D:9:      layout_basic, mainiacjoe_overflow_cross_hatched,
          nicolae_ru_the_path_less_chosen, dpeg_lair_monsters, david_orc_5

Skill      XL: |  1  2  3  4  5  6  7  8  9 |
---------------+----------------------------+-----
Throwing       | 2 |  2.0
Long Blades    | 3 4 |  4.1
Dodging        | 3 |  3.2
Fighting       | 3 4 5 6 8 10 | 10.4
Shields        | 1 2 3 4 |  4.7
Axes           | 2 5 7 |  7.7

Action                     |  1- 3 |  4- 6 |  7- 9 | 10-12 || total
---------------------------+-------+-------+-------+-------++-------
  Melee: Long sword        |   161 |   116 |   108 |       ||   385
         Broad axe         |       |       |   107 |    28 ||   135
  Throw: Boomerang         |       |     5 |     4 |       ||     9
Ability: Lunge             |       |     2 |    19 |     1 ||    22
         Whirlwind         |       |       |    11 |       ||    11
         Wall Jump         |       |       |     1 |       ||     1
  Evoke: Wand              |       |       |     6 |       ||     6
    Use: Potion            |       |       |       |     1 ||     1
   Stab: Paralysed         |       |       |     7 |       ||     7
 Armour: Leather armour    |    83 |       |       |       ||    83
         Ring mail         |    14 |    92 |   178 |    29 ||   313
  Dodge: Dodged            |   118 |    51 |   124 |    17 ||   310
  Block: Buckler           |       |     3 |    77 |    10 ||    90

Table legend: (Time is in decaauts)
 A = Elapsed time spent in this place.
 B = Non-inter-level travel time spent in this place.
 C = Inter-level travel time spent in this place.
 D = Time resting spent in this place.
 E = Time spent auto-exploring this place.
 F = Levels seen in this place.
 G = Mean time per level.
                   A        B        C        D        E       F      G
               +--------+--------+--------+--------+--------+-----+--------+
         Total |   7520 |   7046 |    474 |    800 |   4791 |   9 |  835.6 |
       Dungeon |   7520 |   7046 |    474 |    800 |   4791 |   9 |  835.6 |
               +--------+--------+--------+--------+--------+-----+--------+

Top non-repeatable levels by time:
     D:5: 1177 daAuts
     D:4: 1100 daAuts
     D:7: 1072 daAuts
     D:3: 980 daAuts
     D:1: 977 daAuts
     D:6: 737 daAuts
     D:8: 726 daAuts
     D:2: 547 daAuts
     D:9: 200 daAuts
